 Dungeon Crawl Stone Soup version 0.31.0-32-g396128a36d (webtiles) character file.

Game seed: 2350335657772636309

112 demianpwz the Covered (level 4, -4/35 HPs)
             Began as a Human Fighter on Apr 11, 2024.
             Slain by Duvessa
             ... wielding a +0 short sword
              (10 damage)
             ... on level 4 of the Dungeon on Apr 12, 2024.
             The game lasted 00:06:05 (955 turns).

demianpwz the Covered (Human Fighter)                Turns: 955, Time: 00:06:05

Health: -4/35      AC:  7    Str: 18    XL:     4   Next: 93%
Magic:  4/4        EV:  9    Int:  8    God:
Gold:   50         SH:  5    Dex: 19    Spells: 3/3 levels left

rFire   . . .        g - +3 morningstar (distort)
rCold   . . .        c - +0 buckler
rNeg    . . .        b - +0 scale mail
rPois   .            (no helmet)
rElec   .            (no cloak)
rCorr   .            (no gloves)
SInv    .            (no boots)
Will    .....        (no amulet) Stlth
                     e - +6 ring of dexterity
HPRegen 0.25/turn    (no ring)
MPRegen 0.09/turn

%: no passive effects
@: no status effects
A: explore regen
a: no special abilities


You were on level 4 of the Dungeon.
You visited 1 branch of the dungeon, and saw 4 of its levels.

You collected 50 gold pieces.

Inventory:

Hand Weapons
 a - a +0 long sword
 g - a +3 morningstar of distortion (weapon)
Armour
 b - a +0 scale mail (worn)
 c - a +0 buckler (worn)
Jewellery
 e - a +6 ring of dexterity (left hand)
Scrolls
 h - a scroll of vulnerability {unknown}
 i - 2 scrolls of noise {unknown}
 j - a scroll of identify {unknown}
 l - a scroll of immolation {unknown}
Potions
 d - a potion of might
 f - a potion of lignification {unknown}
 k - a potion of degeneration {unknown}


   Skills:
 + Level 3.4 Fighting
 + Level 2.6 Long Blades
 + Level 2.1 Maces & Flails
 + Level 3.7 Armour
 + Level 0.3 Dodging
 + Level 3.4 Shields


You had 3 spell levels left.
You didn't know any spells.
Your spell library was empty.

Dungeon Overview and Level Annotations

Branches:
Dungeon (4/15)
 Temple: D:4-7

Altars:

Annotations:
D:4 Duvessa


Innate Abilities, Weirdness & Mutations

You regain HP and MP as you explore.


Message History

There is a stone staircase leading up here.
A hound comes into view.
The hound barks!
You hear an angry hiss.
You hear a shout! x2
You puncture the hound!
The hound is devoured by a tear in reality.
Your Maces & Flails skill increases to level 1!
You have reached level 4!
You feel agile.
Dowan, Brother of Duvessa comes into view.
He is wielding a +0 dagger.
You closely miss Dowan. Dowan hits you but does no damage. x2
You puncture Dowan!
Space warps horribly around Dowan!
Dowan is almost dead.
You block Dowan's attack.
You puncture Dowan!
You kill Dowan!
You hear a distant scream of rage.
Your Maces & Flails skill increases to level 2!
Things that are here:
a +0 dagger; a +0 robe; the elf corpse of Dowan Duvessa and an adder come into view.
Found 5 poisoned darts and a scroll labelled VUDAUXK RONO.
Duvessa goes berserk!
The adder hisses angrily.
Found 8 gold pieces.
You hit Duvessa but do no damage.
Space warps horribly around Duvessa!
Duvessa is moderately wounded.
Duvessa closely misses you. Duvessa hits you with a +0 short sword!
You closely miss Duvessa.
Duvessa is lightly wounded.
The adder bites you but does no damage. Duvessa closely misses you.
You block the adder's attack. Duvessa hits you with a +0 short sword!
You sock Duvessa!
Space warps horribly around Duvessa!
Duvessa is heavily wounded.
The adder barely misses you. Duvessa hits you with a +0 short sword.
* * * LOW HITPOINT WARNING * * *
The adder misses you. Duvessa hits you with a +0 short sword.
* * * LOW HITPOINT WARNING * * *
Duvessa rages.
Duvessa hits you with a +0 short sword!
You die...

......# ....?.#
......# ##......#
##.......# # #
#........# .#
####.#..(.....# ..
#......eS.....# .#
$.##...@##########..#
#.....#...).....<...#
#.###############...#
. ...# #..# ....
#.### .# ..


You could see Duvessa (berserk) and an adder.

Vanquished Creatures
  Dowan (D:4)
  2 adders (D:2)
  3 bats
  3 goblins
  3 hobgoblins
  A ball python (D:1)
  2 frilled lizards
  2 kobolds (D:1)
  6 rats
23 creatures vanquished.

Notes
Turn   | Place    | Note
-------+----------+-------------------------------------------
     0 | D:1      | demianpwz the Human Fighter began the quest for the Orb.
     0 | D:1      | Reached XP level 1. HP: 18/18 MP: 1/1
    85 | D:1      | Reached XP level 2. HP: 24/24 MP: 2/2
   558 | D:2      | Reached XP level 3. HP: 29/29 MP: 3/3
   924 | D:3      | Found a faded altar of an unknown god.
   939 | D:4      | Reached skill level 1 in Maces & Flails
   939 | D:4      | Reached XP level 4. HP: 35/35 MP: 4/4
   940 | D:4      | Noticed Dowan
   946 | D:4      | Killed Dowan
   950 | D:4      | Noticed Duvessa
   955 | D:4      | Slain by Duvessa

Illustrated notes

Levels and vault maps discovered:
D:1:      psy_arrival_fountain, layout_rooms
D:2:      layout_loops_corners, kennysheep_big_empty_room
D:3:      layout_basic, nicolae_gozag_cash_rules_everything_around_me,
          gammafunk_ghost_necromancy, ebering_ecumenical_altar_mist,
          nicolae_titane, uniq_robin
D:4:      layout_rooms, gammafunk_temple_overflow_claw,
          nicolae_tso_besieged_by_evil, mainiacjoe_overflow_chevrons,
          minmay_temple_entry_proselytizer, uniq_duvessa

Skill      XL: |  1  2  3  4 |
---------------+-------------+-----
Maces & Flails | 1 2 |  2.1
Fighting       | |  3.4
Long Blades    | |  2.6
Armour         | |  3.7
Dodging        | |  0.3
Shields        | |  3.4

Action                     |  1- 3 |  4- 6 || total
---------------------------+-------+-------++-------
  Melee: Long sword        |    21 |       ||    21
         Morningstar       |    32 |     6 ||    38
 Armour: Scale mail        |    31 |     8 ||    39
  Dodge: Dodged            |    20 |     4 ||    24
  Block: Buckler           |    13 |     2 ||    15
